 Dungeon Crawl Stone Soup version 0.29-a0-284-gf9362112df (webtiles) character file.

Game seed: 7380566748142392993

1416 bande the Chopper (level 8, -10/50 HPs)
             Began as a Gargoyle Fighter on Mar 15, 2022.
             Mangled by a troll (11 damage)
             ... on level 5 of the Dungeon.
             The game lasted 00:11:08 (6738 turns).

bande the Chopper (Gargoyle Fighter)                Turns: 6738, Time: 00:11:11

Health: -10/50     AC: 18    Str: 22    XL:     8   Next: 71%
Magic:  8/8        EV: 10    Int:  9    God:
Gold:   245        SH:  5    Dex: 11    Spells: 7/7 levels left

rFire   . . .      SeeInvis .   a - +0 war axe
rCold   + . .      Faith    .   c - +0 buckler
rNeg    + . .      Spirit   .   j - +4 ring mail
rPois   ∞          Reflect  .   f - +0 helmet
rElec   +          Harm     .   p - +0 cloak "Zeoliafu" {Str+2}
rCorr   .          Rampage  .   (no gloves)
Will    .....                   (no boots)
Stlth   +.........              (no amulet)
HPRegen 0.16/turn               m - ring of protection from cold
MPRegen 0.11/turn               (no ring)

@: mighty
A: sickness immunity, AC +5, negative energy resistance 1, electricity
resistance, torment resistance 1, petrification resistance
a: no special abilities


You were on level 5 of the Dungeon.
You visited 1 branch of the dungeon, and saw 6 of its levels.
You also visited: Sewer.

You collected 245 gold pieces.

Inventory:

Hand Weapons
 a - a +0 war axe (weapon)
 k - a +0 flail
 o - a +0 war axe
Armour
 c - a +0 buckler (worn)
 f - a +0 helmet (worn)
 j - a +4 ring mail (worn)
 p - the +0 cloak "Zeoliafu" (worn) {Str+2}
   (You found it on level 3 of the Dungeon)

   Str:       It affects your strength (+2).
Jewellery
 m - a ring of protection from cold (left hand)
Wands
 r - a wand of acid (8)
Scrolls
 e - 3 scrolls of magic mapping
 s - a scroll of torment {unknown}
 u - a scroll of noise {unknown}
 v - a scroll of teleportation
Potions
 b - 4 potions of cancellation
 d - 2 potions of might
 h - 2 potions of resistance
 i - 2 potions of brilliance
 l - 3 potions of curing
 n - a potion of invisibility
 q - a potion of magic {unknown}
 t - a potion of haste {unknown}


   Skills:
 + Level 5.5 Fighting
 + Level 7.1 Axes
 + Level 5.5 Armour
 + Level 4.5 Shields
 * Level 2.7 Evocations


You had 7 spell levels left.
You didn't know any spells.
Your spell library contained the following spells:

 Spells                   Type           Power      Damage    Failure   Level
 Animate Skeleton         Necr           0%         N/A       63%         1
 Beastly Appendage        Tmut           0%         N/A       63%         1
 Pain                     Necr           0%         1d4       63%         1
 Scorch                   Fire           0%         2d5       77%         2
 Wereblood                Tmut           0%         N/A       77%         2
 Gell's Gravitas          Tloc           0%         N/A       94%         3
 Lesser Beckoning         Tloc           0%         N/A       94%         3
 Spider Form              Tmut/Pois      0%         N/A       94%         3
 Teleport Other           Tloc           0%         N/A       94%         3
 Vampiric Draining        Necr           0%         2d6       94%         3
 Flame Wave               Conj/Fire      0%         2d4       100%        4
 Summon Cactus Giant      Summ           0%         N/A       100%        6


Dungeon Overview and Level Annotations

Branches:
Dungeon (6/15)              Sewer (visited)
 Temple: D:4-7

Altars:
Yredelemnul
The Shining One


Innate Abilities, Weirdness & Mutations

You are immune to sickness and miasma.
Your stone body is resilient. (AC +5)
You are immune to poison.
You resist negative energy. (rN+)
You are resistant to electric shocks. (rElec)
You are resistant to unholy torment.
You are immune to petrification.


Message History

The troll claws you but does no damage.
You barely miss the troll.
The troll is moderately wounded.
The troll misses you. The troll claws you. The troll claws you!
* * * LOW HITPOINT WARNING * * *
The troll bites you but does no damage. The troll claws you.
* * * LOW HITPOINT WARNING * * *
The troll closely misses you.
You feel much better. You block the troll's attack.
The troll claws you but does no damage. x2
You hit the troll.
The troll is moderately wounded.
The troll bites you but does no damage. The troll claws you!
* * * LOW HITPOINT WARNING * * *
The troll claws you but does no damage.
You barely miss the troll.
The troll is moderately wounded.
The troll barely misses you. The troll claws you.
* * * LOW HITPOINT WARNING * * *
The troll claws you but does no damage.
You closely miss the troll.
The troll is lightly wounded.
The troll closely misses you. The troll claws you.
* * * LOW HITPOINT WARNING * * *
The troll claws you but does no damage.
You feel much better. The troll bites you!
* * * LOW HITPOINT WARNING * * *
The troll claws you!
* * * LOW HITPOINT WARNING * * *
The troll closely misses you.
You feel very mighty all of a sudden. The troll bites you but does no damage.
The troll claws you but does no damage. The troll closely misses you.
You slice the troll!!
The troll is almost dead.
You block the troll's attack. The troll claws you but does no damage.
The troll claws you.
* * * LOW HITPOINT WARNING * * *
The troll bites you!
You die...

# #..........###...####
##[......###......#.##
#.....#####..).####.# ##..###
#....## #..### ##...#
#...######...#### # #.))##
##....##.......... ### ##...#
##...<............[ ..####....#
##.T................
...##.[..#####..@†..........)..##
#...#....###...÷..............###
##......##.........#####........#
##..............### ###.......
##...........### ##....#..
#...........## #....####
##............### ##....# #
##..##..#####....### ##.....#
#..####.## ####...###......#


You could see a troll.

Vanquished Creatures
  Edmund (D:5)
  A water moccasin (D:5)
  A black bear (D:5)
  2 ogres (D:5)
  A kobold brigand (Sewer)
  A phantom (D:5)
  Blork the orc (D:4)
  A bullfrog (D:5)
  2 scorpions
  A killer bee (D:5)
  2 howler monkeys (D:5)
  A hound (D:5)
  3 iguanas (D:5)
  12 adders
  6 river rats (Sewer)
  3 worms
  2 dart slugs
  14 orcs
  15 ball pythons
  5 bats
  8 endoplasms
  6 giant cockroaches
  6 goblins
  6 hobgoblins
  3 quokkas
  6 frilled lizards
  22 kobolds
  24 rats
156 creatures vanquished.

Notes
Turn   | Place    | Note
-------+----------+-------------------------------------------
     0 | D:1      | bande the Gargoyle Fighter began the quest for the Orb.
     0 | D:1      | Reached XP level 1. HP: 14/14 MP: 1/1
   215 | D:1      | Reached XP level 2. HP: 10/19 MP: 2/2
   851 | D:1      | Reached XP level 3. HP: 17/24 MP: 3/3
   931 | D:1      | Found a faded altar of an unknown god.
  1417 | D:2      | Reached skill level 2 in Axes
  1594 | D:2      | Reached XP level 4. HP: 29/29 MP: 4/4
  2340 | D:3      | Identified the +0 cloak "Zeoliafu" {Str+2}
  2413 | D:3      | Reached skill level 3 in Axes
  2509 | D:3      | Reached XP level 5. HP: 28/33 MP: 5/5
  2830 | D:4      | Found a basalt altar of Yredelemnul.
  3249 | D:4      | Noticed Blork the orc
  3265 | D:4      | Killed Blork the orc
  3266 | D:4      | Reached skill level 4 in Axes
  3266 | D:4      | Reached XP level 6. HP: 15/38 MP: 6/6
  3731 | D:5      | Entered Level 5 of the Dungeon
  3899 | D:5      | Found a glowing golden altar of the Shining One.
  4049 | D:5      | Noticed a water moccasin
  4057 | D:5      | Killed a water moccasin
  4058 | D:5      | Reached skill level 5 in Axes
  4058 | D:5      | Reached XP level 7. HP: 42/44 MP: 7/7
  4196 | D:5      | Identified the +12 quarterstaff of Amorality {drain, rN++
                  | Dex-2}
  4204 | D:5      | Found a glowing drain.
  4218 | Sewer    | Entered a sewer
  4269 | Sewer    | Reached skill level 5 in Armour
  4510 | Sewer    | Reached skill level 1 in Evocations
  5019 | D:5      | Noticed Edmund
  5034 | D:5      | Killed Edmund
  5035 | D:5      | Reached skill level 5 in Fighting
  5035 | D:5      | Reached skill level 6 in Axes
  5035 | D:5      | Reached XP level 8. HP: 7/49 MP: 8/8
  5853 | D:6      | Noticed a troll
  6447 | D:5      | Reached skill level 7 in Axes
  6731 | D:5      | HP: 1/50 [troll (5)]
  6738 | D:5      | HP: 1/50 [troll (2)]
  6738 | D:5      | Mangled by a troll

Illustrated notes

Levels and vault maps discovered:
D:1:      arrival_zaba_pyramid, layout_basic,
          hellmonk_ecumenical_altar_prayer_group, serial_forest,
          infiniplex_forest_lined_room_, infiniplex_forest_straight_2,
          infiniplex_forest_clump_long, infiniplex_forest_clump_curved,
          infiniplex_forest_end_2, infiniplex_forest_corner_1,
          infiniplex_forest_straight_2, infiniplex_forest_diagonal,
          infiniplex_forest_lined_3, infiniplex_forest_end_2, st_stairs_7
D:2:      layout_basic
D:3:      layout_basic, st_stairs_2, minmay_fractal_squares_5
D:4:      layout_loops_ring, lemuel_coloured_pillars_altar, uniq_blork_the_orc
D:5:      layout_layer_cave, tso_metal_star, portal_sewer_entry_c, uniq_edmund
D:6:      hangedman_cross_stitches, layout_rooms, biasface_ghost_orc_armoury,
          roderic_roman_lattice, chequers_serial_rivers_micro_d, uniq_eustachio

Skill      XL: |  1  2  3  4  5  6  7  8 |
---------------+-------------------------+-----
Axes           | 2 3 4 5 6 7 |  7.1
Armour         | 4 5 |  5.5
Fighting       | 4 5 |  5.5
Shields        | 4 |  4.5
Evocations     | 1 2 |  2.7

Action                   |  1- 3 |  4- 6 |  7- 9 || total
-------------------------+-------+-------+-------++-------
Melee: War axe           |    86 |   155 |   218 ||   459
  Use: Scroll            |     5 |     7 |       ||    12
       Potion            |       |       |     5 ||     5
Armor: Scale mail        |    49 |       |       ||    49
       Ring mail         |       |    80 |   177 ||   257
Dodge: Dodged            |    44 |    61 |   151 ||   256
Block: Buckler           |    20 |    36 |    65 ||   121

Table legend: (Time is in decaauts)
 A = Elapsed time spent in this place.
 B = Non-inter-level travel time spent in this place.
 C = Inter-level travel time spent in this place.
 D = Time resting spent in this place.
 E = Time spent auto-exploring this place.
 F = Levels seen in this place.
 G = Mean time per level.
                   A        B        C        D        E       F      G
               +--------+--------+--------+--------+--------+-----+--------+
         Total |   6902 |   6768 |    134 |   1293 |   4139 |   7 |  986.0 |
       Dungeon |   6167 |   6033 |    134 |   1293 |   3641 |   6 | 1027.8 |
         Sewer |    734 |    734 |      0 |      0 |    498 |   1 |  734.0 |
               +--------+--------+--------+--------+--------+-----+--------+

Top non-repeatable levels by time:
     D:5: 2264 daAuts
     D:1: 1431 daAuts
     D:4: 1069 daAuts
   Sewer: 734 daAuts
     D:3: 723 daAuts
     D:2: 595 daAuts
     D:6: 84 daAuts
